[Event "Titled Tuesday Blitz July 4 Early 2023"]
[White "Philippe, Guillaume"]
[Black "Singgih, Diajeng Theresa"]
[WhiteFideId "36048763"]
[BlackFideId "7104391"]
[WhiteElo "2413"]
[BlackElo "2156"]
[Result "1-0"]
[Round "11"]
[TimeControl "180+2"]
[Date "2023.07.04"]
[WhiteClock "0:02:31"]
[BlackClock "0:02:20"]
[Board "123"]

1. e4 e5 2. Nf3 Nc6 3. Bb5 a6 4. Ba4 Bc5 5. c3 Nf6 6. Bc2 O-O 7. d4 exd4 8. cxd4 Bb4+ 9. Bd2 Bxd2+ 10. Nbxd2 d6 11. O-O Bg4 12. Qe1 Nh5 13. Qe3 Qf6 14. h3 Bd7 15. Rfe1 Nf4 16. e5 dxe5 17. dxe5 Qg5 18. Nxg5 1-0


[Site "https://www.chess.com"]

[Event "Titled Tuesday Blitz July 4 Early 2023"]
[White "Lisjak, Zlatko"]
[Black "FuenfgegenWilly"]
[WhiteFideId "14502186"]
[WhiteElo "2153"]
[BlackElo "2399"]
[Result "0-1"]
[Round "11"]
[TimeControl "180+2"]
[Date "2023.07.04"]
[WhiteClock "0:00:00"]
[BlackClock "0:01:56"]
[Board "124"]

1. e4 e5 2. Nf3 Nc6 3. Bb5 a6 4. Bxc6 dxc6 5. O-O Bg4 6. h3 h5 7. d3 Qf6 8. Be3 Bxf3 9. Qxf3 Qxf3 10. gxf3 f6 11. a4 g5 12. Nd2 Ne7 13. d4 Rg8 14. dxe5 fxe5 15. Nc4 Ng6 16. Bxg5 Nh4 17. Kh1 Rxg5 18. Rg1 Rxg1+ 19. Rxg1 Nxf3 20. Rg3 Nd4 21. Nxe5 O-O-O 22. c3 Ne2 23. Rg5 Rd1+ 24. Kh2 Bd6 25. Rxh5 b6 26. Kg2 Nf4+ 27. Kf3 Nxh5 28. Nc4 b5 29. Ne3 Rb1 30. axb5 axb5 31. b4 Rc1 32. Kg4 Nf4 33. Nf5 Rxc3 34. Nxd6+ cxd6 35. Kxf4 Rxh3 0-1


[Site "https://www.chess.com"]

[Event "Titled Tuesday Blitz July 4 Early 2023"]
[White "Topalov, Aleksandar"]
[Black "Floresvillar Gonzalez, Luis Migu"]
[WhiteFideId "925659"]
[BlackFideId "5100542"]
[WhiteElo "2385"]
[BlackElo "2108"]
[Result "1-0"]
[Round "11"]
[TimeControl "180+2"]
[Date "2023.07.04"]
[WhiteClock "0:00:17"]
[BlackClock "0:01:09"]
[Board "125"]

1. b3 e5 2. Bb2 d6 3. d4 exd4 4. Qxd4 Nc6 5. Qf4 Nf6 6. Nc3 Be7 7. Nf3 O-O 8. O-O-O Be6 9. e4 Qc8 10. h3 a5 11. a4 Nb4 12. Kb1 c6 13. g4 b5 14. Nd4 bxa4 15. Nxa4 c5 16. Nxe6 fxe6 17. Nb6 Qc6 18. Nxa8 Qxa8 19. Bc4 d5 20. exd5 exd5 21. Qe5 dxc4 22. Qxe7 cxb3 23. cxb3 h6 24. Bxf6 gxf6 25. Rhe1 a4 26. Rd7 axb3 27. Qg7# 1-0


[Site "https://www.chess.com"]

[Event "Titled Tuesday Blitz July 4 Early 2023"]
[White "Politov, Pavel Y."]
[Black "Duarte, Leonardo"]
[WhiteFideId "24110515"]
[BlackFideId "110582"]
[WhiteElo "2096"]
[BlackElo "2385"]
[Result "0-1"]
[Round "11"]
[TimeControl "180+2"]
[Date "2023.07.04"]
[WhiteClock "0:00:00"]
[BlackClock "0:00:54"]
[Board "126"]

1. e4 e5 2. Nf3 Nc6 3. Bc4 Bc5 4. d3 Nf6 5. Nbd2 a5 6. c3 O-O 7. O-O d6 8. Re1 Ba7 9. Nf1 Ne7 10. Ng3 c6 11. Nh4 d5 12. Bb3 dxe4 13. dxe4 Ng4 14. Re2 Qxd1+ 15. Bxd1 Be6 16. h3 Rfd8 17. Bg5 f6 18. hxg4 fxg5 19. Nhf5 Ng6 20. Bb3 Bxb3 21. axb3 Nf4 22. Rc2 Rd3 23. Ne2 g6 24. Nfg3 Ne6 25. Kf1 Rf8 26. f3 Bb6 27. Ke1 Nc5 28. Rd1 Rfd8 29. Rxd3 Rxd3 30. b4 Nb3 31. bxa5 Bxa5 32. Nf1 Bb6 33. Nc1 Nxc1 34. Rxc1 h5 35. Rd1 Rxd1+ 36. Kxd1 h4 37. Nd2 Kf7 38. Nc4 Bc7 39. Ke2 b5 40. Nd2 Ke6 41. Nb3 Bb6 42. Nd2 c5 43. Kf1 c4 44. Nb1 Be3 45. Na3 Bc1 46. Nxb5 Bxb2 47. Nc7+ Kd6 48. Nb5+ Kc6 49. Na7+ Kb7 50. Nb5 Kc6 51. Na7+ Kc5 0-1


[Site "https://www.chess.com"]

[Event "Titled Tuesday Blitz July 4 Early 2023"]
[White "Sailer, Mike"]
[Black "Ljukin, Sergei"]
[WhiteFideId "2012901"]
[BlackFideId "14102200"]
[WhiteElo "2125"]
[BlackElo "2495"]
[Result "0-1"]
[Round "11"]
[TimeControl "180+2"]
[Date "2023.07.04"]
[WhiteClock "0:01:01"]
[BlackClock "0:00:52"]
[Board "127"]

1. d4 d5 2. Nc3 Nf6 3. Bf4 a6 4. e3 c5 5. Nf3 Nc6 6. Be2 e6 7. Ne5 Be7 8. g4 O-O 9. g5 Nd7 10. h4 Ndxe5 11. dxe5 b5 12. Bf3 Bb7 13. Qd2 Qc7 14. h5 Nxe5 15. Bg2 Bd6 16. O-O-O Nc4 17. Bxd6 Qxd6 18. Qe2 Qe5 19. Rde1 b4 20. f4 Qxe3+ 21. Qxe3 Nxe3 22. Rxe3 bxc3 23. Rxc3 Rfc8 24. h6 g6 25. Rb3 Rab8 26. Rb6 Rc6 27. Rxc6 Bxc6 28. Rd1 Rb4 29. Rf1 Kf8 30. c3 Rb8 31. Rd1 Bb5 32. b3 Ke7 33. Kc2 Rd8 34. Rd2 Bc6 35. b4 cxb4 36. cxb4 Ba4+ 37. Kd3 Rc8 38. Kd4 Rc4+ 39. Ke5 Rxb4 40. a3 Rb3 41. Rd4 Re3+ 42. Be4 Rxe4+ 0-1


[Site "https://www.chess.com"]

[Event "Titled Tuesday Blitz July 4 Early 2023"]
[White "Koridze, Lile"]
[Black "Shapiro, Viktor"]
[WhiteFideId "13612514"]
[BlackFideId "4175700"]
[WhiteElo "2347"]
[BlackElo "2454"]
[Result "0-1"]
[Round "11"]
[TimeControl "180+2"]
[Date "2023.07.04"]
[WhiteClock "0:01:39"]
[BlackClock "0:01:17"]
[Board "128"]

1. d4 Nf6 2. c4 e6 3. Nf3 c5 4. d5 e5 5. Nc3 d6 6. e4 g6 7. h3 Bg7 8. Rb1 O-O 9. a3 a5 10. Bd3 Nh5 11. Bg5 Bf6 12. Be3 Nf4 13. O-O g5 14. Nh2 h6 15. Be2 Bg7 16. Bg4 Nd7 17. Bf5 Nf6 18. Bxc8 Qxc8 19. Ng4 b6 20. Qf3 Qd8 21. Kh2 Nh7 22. Bd2 f5 23. Ne3 g4 24. Qg3 Nh5 0-1


[Site "https://www.chess.com"]

[Event "Titled Tuesday Blitz July 4 Early 2023"]
[White "Rudzinska, Michalina"]
[Black "Ncatt"]
[WhiteFideId "1172883"]
[WhiteElo "2321"]
[BlackElo "2394"]
[Result "1-0"]
[Round "11"]
[TimeControl "180+2"]
[Date "2023.07.04"]
[WhiteClock "0:01:38"]
[BlackClock "0:00:00"]
[Board "129"]

1. e4 g6 2. d4 Bg7 3. Nc3 a6 4. Be3 b5 5. f3 Bb7 6. Qd2 d6 7. O-O-O Nd7 8. h4 h5 9. Nh3 c5 10. Ng5 Qa5 11. Kb1 Ngf6 12. e5 dxe5 13. dxc5 b4 14. Nce4 O-O 15. Bc4 e6 16. Nxe6 Rfe8 17. Nxg7 Kxg7 18. Bg5 Bxe4 19. fxe4 Qxc5 20. Bb3 a5 21. Rhf1 a4 22. Bxf7 Re7 23. Bxf6+ Nxf6 24. Bxg6 a3 25. Qg5 Ra6 26. Bxh5+ Kh8 27. Rxf6 Rg7 28. Qh6+ 1-0


[Site "https://www.chess.com"]

[Event "Titled Tuesday Blitz July 4 Early 2023"]
[White "Rios Escobar, Adan"]
[Black "Mikhaylova, Irina"]
[WhiteFideId "3403645"]
[BlackFideId "4109040"]
[WhiteElo "2386"]
[BlackElo "2318"]
[Result "1-0"]
[Round "11"]
[TimeControl "180+2"]
[Date "2023.07.04"]
[WhiteClock "0:01:27"]
[BlackClock "0:00:53"]
[Board "130"]

1. d4 Nf6 2. g3 g6 3. Bg2 d5 4. c4 c6 5. Nf3 Bg7 6. cxd5 cxd5 7. Nc3 O-O 8. Ne5 e6 9. Bg5 h6 10. Bf4 Nfd7 11. O-O Nxe5 12. Bxe5 Bxe5 13. dxe5 Nc6 14. Qd2 Kg7 15. Rad1 Nxe5 16. e4 Nc6 17. exd5 exd5 18. Nxd5 Qa5 19. b4 Qa3 20. b5 Ne5 21. Qd4 f6 22. f4 Nd7 23. Rc1 Qd6 24. Rfe1 Rf7 25. Qc3 Nb6 26. Nc7 Rb8 27. Ne8+ 1-0


[Site "https://www.chess.com"]

[Event "Titled Tuesday Blitz July 4 Early 2023"]
[White "Martin, Lewis"]
[Black "Bazilius, Augustinas"]
[WhiteFideId "410551"]
[BlackFideId "12832251"]
[WhiteElo "2266"]
[BlackElo "2383"]
[Result "1-0"]
[Round "11"]
[TimeControl "180+2"]
[Date "2023.07.04"]
[WhiteClock "0:01:18"]
[BlackClock "0:00:24"]
[Board "131"]

1. e4 c5 2. Nf3 a6 3. d4 cxd4 4. Nxd4 Nf6 5. Nc3 e5 6. Nb3 Bb4 7. Bd2 d6 8. Nd5 Bxd2+ 9. Nxd2 Nxd5 10. exd5 O-O 11. g3 f5 12. Bg2 Nd7 13. O-O f4 14. gxf4 Rxf4 15. c4 Qg5 16. Kh1 Nf6 17. Rg1 Rh4 18. Nf3 Qh5 19. Nxh4 Qxh4 20. Bf3 e4 21. Be2 Qxf2 22. Rg2 Qh4 23. Qd4 Bf5 24. Rag1 g6 25. Rg5 Kf7 26. c5 dxc5 27. Qxc5 e3 28. Qc7+ Kg8 29. Rxf5 Qe4+ 30. Rf3 Ng4 31. Rxg4 1-0


[Site "https://www.chess.com"]

[Event "Titled Tuesday Blitz July 4 Early 2023"]
[White "Xavier_mompel"]
[Black "Saito, Vinicius"]
[BlackFideId "2113384"]
[WhiteElo "2250"]
[BlackElo "2376"]
[Result "1-0"]
[Round "11"]
[TimeControl "180+2"]
[Date "2023.07.04"]
[WhiteClock "0:00:06"]
[BlackClock "0:00:16"]
[Board "132"]

1. e4 c5 2. Nf3 Nc6 3. d4 cxd4 4. Nxd4 Nf6 5. Nc3 e5 6. Ndb5 d6 7. Bg5 a6 8. Na3 b5 9. Nd5 Be7 10. Bxf6 Bxf6 11. c3 O-O 12. Nc2 Bg5 13. a4 bxa4 14. Rxa4 a5 15. Bc4 Rb8 16. b3 Kh8 17. O-O g6 18. Qd3 f5 19. Rd1 fxe4 20. Qxe4 Bf5 21. Qe2 e4 22. Nce3 Ne5 23. Nxf5 gxf5 24. Ne3 Rb7 25. Qd2 Bxe3 26. Qxe3 Rg7 27. Kf1 Qh4 28. h3 f4 29. Qxe4 Qg5 30. Rxd6 f3 31. g3 Qc1+ 32. Qe1 Qg5 33. Rxa5 Re7 34. Rdd5 Rfe8 35. Qd1 Qf5 36. Qd4 Qxh3+ 37. Ke1 Qf5 38. Kd2 Qf6 39. Kc2 Kg7 40. Ra7 Rxa7 41. Qxa7+ Re7 42. Qd4 Qf5+ 43. Bd3 Qf6 44. Bc4 Qf5+ 45. Kb2 Qf6 46. Rd6 Nxc4+ 47. bxc4 Qxd4 48. cxd4 Re2+ 49. Kc3 Rxf2 50. Kd3 Re2 51. c5 Re1 52. Rd5 Kf6 53. g4 Rf1 54. Rf5+ Ke6 55. Ke3 f2 56. Rxf2 Rg1 57. Kf4 Kd5 58. Rd2 Rf1+ 59. Kg5 Re1 60. Rc2 Kc6 61. Kh6 Re7 62. g5 Rd7 63. d5+ Kxd5 64. c6 Rc7 65. Rd2+ Ke5 66. Rc2 Kf5 67. Kh5 Ke5 68. Re2+ Kd5 69. Rd2+ Kc5 70. Rd7 Rxc6 71. Rxh7 Kd5 72. g6 Rc1 73. g7 Rh1+ 74. Kg6 Rg1+ 75. Kf7 Rf1+ 76. Kg8 Ke6 77. Kh8 Rg1 78. g8=Q+ Rxg8+ 79. Kxg8 Kf6 80. Rg7 Ke6 81. Kf8 Kd6 82. Ke8 1-0


[Site "https://www.chess.com"]

[Event "Titled Tuesday Blitz July 4 Early 2023"]
[White "Fernandez Hernandez, Gerardo"]
[Black "Adireddy Arjun"]
[WhiteFideId "2207400"]
[BlackFideId "25647709"]
[WhiteElo "2221"]
[BlackElo "2355"]
[Result "1-0"]
[Round "11"]
[TimeControl "180+2"]
[Date "2023.07.04"]
[WhiteClock "0:00:24"]
[BlackClock "0:00:26"]
[Board "133"]

1. e4 c5 2. Nc3 a6 3. g3 b5 4. Bg2 Bb7 5. Nge2 e6 6. O-O Ne7 7. d3 g6 8. Be3 d6 9. f4 Bg7 10. Qd2 O-O 11. f5 exf5 12. Bg5 f6 13. Bh6 b4 14. Nd5 Nxd5 15. Bxg7 Kxg7 16. exd5 g5 17. Rxf5 Nd7 18. d4 Re8 19. dxc5 dxc5 20. Raf1 Qe7 21. R1f2 Qe3 22. Qxe3 Rxe3 23. g4 Rae8 24. Ng3 R8e5 25. Nh5+ Kg6 26. Rxf6+ Nxf6 27. Rxf6# 1-0


[Site "https://www.chess.com"]

[Event "Titled Tuesday Blitz July 4 Early 2023"]
[White "Tuleyeva-Aketayeva, Dana"]
[Black "Girya, Olga"]
[WhiteFideId "13701932"]
[BlackFideId "4195752"]
[WhiteElo "2244"]
[BlackElo "2562"]
[Result "0-1"]
[Round "11"]
[TimeControl "180+2"]
[Date "2023.07.04"]
[WhiteClock "0:00:26"]
[BlackClock "0:00:24"]
[Board "134"]

1. d4 Nf6 2. Nf3 d5 3. g3 e6 4. Bg2 Be7 5. O-O O-O 6. c4 dxc4 7. Ne5 Nc6 8. Bxc6 bxc6 9. Nxc6 Qe8 10. Nxe7+ Qxe7 11. Qa4 e5 12. Qxc4 exd4 13. Bg5 h6 14. Bxf6 Qxf6 15. Nd2 Ba6 16. Qxc7 Bxe2 17. Rfe1 d3 18. Qc3 Qg5 19. Rac1 Rac8 20. Qb4 Rb8 21. Qc3 Rfc8 22. f4 Rxc3 23. fxg5 Rxc1 24. Rxc1 Rxb2 25. Nf1 hxg5 26. Rc8+ Kh7 27. Rd8 Rxa2 28. h3 Ra1 29. Kh2 Rxf1 30. Rd7 Bf3 31. g4 Be4 32. Rd4 Re1 33. h4 gxh4 34. g5 Re2+ 35. Kh3 d2 36. Kxh4 Bc2 37. g6+ fxg6 38. Kg5 Re5+ 39. Kh4 Re4+ 40. Kg5 Re5+ 41. Kh4 d1=Q 42. Rxd1 Bxd1 43. Kg3 g5 44. Kh3 a5 45. Kg3 a4 46. Kh2 a3 47. Kg1 a2 48. Kh1 a1=Q 49. Kh2 Qb2+ 50. Kg3 Re3# 0-1


[Site "https://www.chess.com"]

[Event "Titled Tuesday Blitz July 4 Early 2023"]
[White "Moral Garcia, Serafin"]
[Black "Kuchava, Ana"]
[WhiteFideId "2201925"]
[BlackFideId "13605348"]
[WhiteElo "2536"]
[BlackElo "2267"]
[Result "1-0"]
[Round "11"]
[TimeControl "180+2"]
[Date "2023.07.04"]
[WhiteClock "0:01:43"]
[BlackClock "0:00:00"]
[Board "135"]

1. c4 e6 2. Nf3 d5 3. b3 Nf6 4. e3 c5 5. Bb2 Be7 6. cxd5 exd5 7. d4 b6 8. Nc3 O-O 9. Bd3 Bg4 10. h3 Bh5 11. g4 Bg6 12. Ne5 cxd4 13. exd4 Bd6 14. O-O Re8 15. f4 Bxd3 16. Qxd3 Nbd7 17. Rae1 Nf8 18. Qb5 Bc7 19. g5 Nh5 20. Qxd5 Qxd5 21. Nxd5 Bd6 22. f5 Rad8 23. Nc3 Bb4 24. Rd1 Ng3 25. Rf3 Bxc3 26. Bxc3 Ne2+ 27. Kf2 Nxc3 28. Rxc3 Rxe5 29. Kg3 Rxf5 30. h4 Rfd5 31. Rc7 R5d7 32. Rc4 Ne6 33. d5 Nc5 34. Rcd4 Rd6 35. Kf4 g6 36. Ke3 b5 37. Rb4 a6 38. Rbd4 Nd7 39. Rc1 Nb6 40. Ke4 Re8+ 41. Kf3 Rxd5 42. Rf4 Rd6 43. Rc7 Rf8 44. Ra7 Nd5 45. Rd4 Rfd8 46. Rb7 Nb4 47. Rxb4 Rd3+ 48. Ke4 1-0


[Site "https://www.chess.com"]

[Event "Titled Tuesday Blitz July 4 Early 2023"]
[White "tomobeast"]
[Black "LangesNasenhaar"]
[WhiteElo "2247"]
[BlackElo "2421"]
[Result "1-0"]
[Round "11"]
[TimeControl "180+2"]
[Date "2023.07.04"]
[WhiteClock "0:00:23"]
[BlackClock "0:00:25"]
[Board "136"]

1. e4 g6 2. h4 Bg7 3. h5 c6 4. d4 d5 5. e5 c5 6. h6 Bf8 7. dxc5 Nc6 8. f4 e6 9. Bb5 Bxc5 10. Nf3 Ne7 11. c4 a6 12. cxd5 axb5 13. dxc6 Qxd1+ 14. Kxd1 bxc6 15. Nc3 Nf5 16. Ng5 O-O 17. Nce4 Be7 18. g4 Nd4 19. Be3 Rd8 20. Bxd4 Rxd4+ 21. Ke2 c5 22. Rhd1 Ba6 23. Rxd4 cxd4 24. Kd3 Rd8 25. Rc1 b4+ 26. Kd2 d3 27. Rc7 Re8 28. Ra7 Bb5 29. Rb7 Bc6 30. Rc7 Bd5 31. Nd6 Bxg5 32. fxg5 Ra8 33. Rxf7 Rxa2 34. Rg7+ Kf8 35. Rf7+ Kg8 36. Rg7+ Kf8 37. Rxh7 Rxb2+ 38. Kxd3 Rf2 39. Rh8+ Ke7 40. h7 Rf3+ 41. Ke2 Rh3 42. Re8+ Kd7 43. h8=Q 1-0


[Site "https://www.chess.com"]

[Event "Titled Tuesday Blitz July 4 Early 2023"]
[White "Pein, Jonathan"]
[Black "laimis61"]
[WhiteFideId "417092"]
[WhiteElo "2411"]
[BlackElo "2237"]
[Result "1-0"]
[Round "11"]
[TimeControl "180+2"]
[Date "2023.07.04"]
[WhiteClock "0:00:11"]
[BlackClock "0:00:00"]
[Board "137"]

1. Nf3 d5 2. b3 Nf6 3. Bb2 g6 4. e3 Bg7 5. c4 c6 6. d4 O-O 7. Nc3 Bg4 8. Be2 Nbd7 9. O-O Re8 10. Rc1 dxc4 11. bxc4 e5 12. h3 Bxf3 13. Bxf3 e4 14. Be2 h5 15. Qb3 Rb8 16. Rfd1 Nh7 17. d5 Nc5 18. Qc2 Qg5 19. Ba3 Bf8 20. Bxc5 Bxc5 21. Nxe4 Rxe4 22. Qxe4 Nf6 23. Qf3 Kg7 24. d6 Nd7 25. Qf4 Qxf4 26. exf4 Re8 27. Bf3 Re6 28. Rb1 b6 29. Bxc6 Nb8 30. Bd5 Rxd6 31. Re1 Rd7 32. g3 Na6 33. Kg2 Nb4 34. a3 Nxd5 35. cxd5 Rxd5 36. Rbd1 Rf5 37. a4 g5 38. Re4 gxf4 39. Rxf4 Rxf4 40. gxf4 a5 41. Kf3 Kf6 42. Rd5 Kg6 43. Ke2 f5 44. f3 Kf6 45. Kd3 Ke6 46. Re5+ Kf6 47. Kc4 Bd6 48. Rb5 Bxf4 49. Rxb6+ Kg5 50. Rb5 Bd2 51. Kd3 Be1 52. Ke2 Bc3 53. Rc5 Bb4 54. Rc4 Bd6 55. h4+ Kf6 56. Rc6 Ke5 57. Ke3 f4+ 58. Kd3 Kd5 59. Rb6 Bc7 60. Rh6 Kc5 61. Rxh5+ Kb4 62. Rh7 Bd6 63. h5 Kxa4 64. h6 Be5 65. Re7 Ba1 66. Re4+ Kb3 67. Rd4 a4 68. h7 a3 69. h8=Q Bxd4 70. Qxd4 a2 71. Qa1 1-0


[Site "https://www.chess.com"]

[Event "Titled Tuesday Blitz July 4 Early 2023"]
[White "Thiel, Thomas"]
[Black "Vazquez Espino, Uriel"]
[WhiteFideId "4615964"]
[BlackFideId "5119138"]
[WhiteElo "2213"]
[BlackElo "2352"]
[Result "1/2-1/2"]
[Round "11"]
[TimeControl "180+2"]
[Date "2023.07.04"]
[WhiteClock "0:00:55"]
[BlackClock "0:00:16"]
[Board "138"]

1. e4 c5 2. Nc3 Nc6 3. Bb5 Nd4 4. Bc4 g6 5. Nf3 Bg7 6. Nxd4 cxd4 7. Qf3 Nf6 8. Ne2 Qc7 9. d3 Qc5 10. O-O O-O 11. Qg3 d6 12. Bg5 b5 13. Bb3 a5 14. a4 b4 15. Nf4 e5 16. Nd5 Nxd5 17. Bxd5 Ra7 18. Rac1 Bd7 19. b3 Bc6 20. Bc4 d5 21. exd5 Bxd5 22. Bxd5 Qxd5 23. Rfe1 f6 24. Bd2 Rc7 25. f4 Rfc8 26. fxe5 fxe5 27. Qh3 Rxc2 28. Qxc8+ Rxc8 29. Rxc8+ Kf7 30. Rc7+ Kg8 31. Rf1 h6 32. Rc8+ Kh7 33. Rc7 Kg8 34. Rc8+ Kh7 35. Rc7 Kg8 1/2-1/2


[Site "https://www.chess.com"]

[Event "Titled Tuesday Blitz July 4 Early 2023"]
[White "Sariego Figueredo, Wilfredo"]
[Black "Korpics, Zsolt"]
[WhiteFideId "3500080"]
[BlackFideId "705241"]
[WhiteElo "2192"]
[BlackElo "2334"]
[Result "1-0"]
[Round "11"]
[TimeControl "180+2"]
[Date "2023.07.04"]
[WhiteClock "0:00:05"]
[BlackClock "0:00:06"]
[Board "139"]

1. d4 Nf6 2. Bf4 d5 3. e3 c5 4. c3 Nc6 5. Nd2 Bf5 6. Ngf3 e6 7. Qb3 Qb6 8. Qxb6 axb6 9. Bc7 Nd7 10. Be2 Be7 11. O-O O-O 12. g3 Rfc8 13. Bf4 c4 14. Nh4 g5 15. Nxf5 exf5 16. Be5 f6 17. Bf3 fxe5 18. Bxd5+ Kg7 19. Nxc4 b5 20. Nd2 exd4 21. exd4 Nf6 22. Be6 Re8 23. Bxf5 Bd6 24. Nf3 g4 25. Nh4 Re2 26. Bd3 Re6 27. Bxb5 Bc7 28. Bd3 Rae8 29. a3 Ne7 30. c4 Rd8 31. d5 Rb6 32. b4 Be5 33. Rae1 Bd6 34. c5 Bxc5 35. bxc5 Rb3 36. Rxe7+ Kf8 37. Bc4 Rc3 38. Re6 Nxd5 39. Bxd5 Rxd5 40. Rb6 Rdxc5 41. Rxb7 Rxa3 42. Rd1 Rc8 43. Nf5 Rf3 44. Nd4 Rf6 45. Nb5 Kg8 46. Ra1 Rcf8 47. Raa7 Re8 48. Rg7+ Kf8 49. Rxh7 Re1+ 50. Kg2 Kg8 51. Rag7+ Kf8 52. Nd6 Re2 53. Rf7+ Rxf7 54. Rxf7+ Kg8 55. Rf4 Rd2 56. Rxg4+ Kh7 57. Ne4 Re2 58. Rf4 Kh6 59. h4 Ra2 60. Rf6+ Kh7 61. g4 Kh8 62. g5 Kg7 63. h5 Kg8 64. h6 Kh8 65. Ng3 Kh7 66. Nf5 Kg8 67. Kg3 Kh7 68. Kg4 Kg8 69. Kh5 Ra4 70. Kg6 Kh8 71. Rf8# 1-0


[Site "https://www.chess.com"]

[Event "Titled Tuesday Blitz July 4 Early 2023"]
[White "Hartikainen, Jarmo"]
[Black "Dwilewicz, Katarzyna"]
[WhiteFideId "503134"]
[BlackFideId "1148486"]
[WhiteElo "2160"]
[BlackElo "2316"]
[Result "1-0"]
[Round "11"]
[TimeControl "180+2"]
[Date "2023.07.04"]
[WhiteClock "0:00:53"]
[BlackClock "0:00:54"]
[Board "140"]

1. e4 c5 2. c3 g6 3. d4 Bg7 4. Be3 Nf6 5. f3 d5 6. dxc5 dxe4 7. Qxd8+ Kxd8 8. Na3 Nc6 9. O-O-O+ Kc7 10. Nb5+ Kb8 11. Bc4 a6 12. Nd4 Ne5 13. Bb3 Nfd7 14. fxe4 Nxc5 15. Nc6+ Nxc6 16. Bxc5 Bg4 17. Nf3 Kc7 18. Bxf7 Rhf8 19. Bd5 e6 20. Bxc6 Kxc6 21. Bxf8 Rxf8 22. Rhf1 Kc7 23. h3 Bxf3 24. Rxf3 Rxf3 25. gxf3 Be5 26. Kc2 b5 27. Rf1 g5 28. a4 Kd7 29. axb5 axb5 30. Ra1 Bc7 31. Ra6 h5 32. Kd3 Ke7 33. Rc6 Kd7 34. Rc5 e5 35. Rxb5 Ke6 36. Rd5 Bd6 37. b4 1-0


[Site "https://www.chess.com"]

[Event "Titled Tuesday Blitz July 4 Early 2023"]
[White "BebeBonito2022"]
[Black "Vifleemskaia, Svetlana"]
[BlackFideId "4129490"]
[WhiteElo "2155"]
[BlackElo "2304"]
[Result "1/2-1/2"]
[Round "11"]
[TimeControl "180+2"]
[Date "2023.07.04"]
[WhiteClock "0:00:24"]
[BlackClock "0:00:24"]
[Board "141"]

1. d4 Nf6 2. c4 e6 3. Nc3 Bb4 4. e3 O-O 5. Bd2 d6 6. Nf3 Bxc3 7. Bxc3 Ne4 8. Qc2 Nxc3 9. Qxc3 a5 10. Bd3 Qe7 11. e4 Nd7 12. e5 dxe5 13. dxe5 Nc5 14. Bc2 b6 15. O-O-O Bb7 16. h4 Be4 17. Ng5 Bxc2 18. Qxc2 g6 19. f4 f6 20. Nf3 fxe5 21. fxe5 Qf7 22. h5 Qf4+ 23. Kb1 Qf5 24. hxg6 hxg6 25. Rh6 Kg7 26. Rdh1 Qxc2+ 27. Kxc2 Rh8 28. Rxh8 Rxh8 29. Rxh8 Kxh8 30. b3 Kg7 31. a3 Kf7 32. b4 axb4 33. axb4 Ne4 34. Kd3 Nf2+ 35. Kd4 Ke7 36. Ng5 Ng4 37. Ke4 Nf2+ 38. Ke3 Ng4+ 39. Kf4 Nf2 40. Ke3 Ng4+ 41. Kd4 Nh6 42. Ke4 Ng4 43. Kf4 Nf2 44. Ke3 1/2-1/2


[Site "https://www.chess.com"]

[Event "Titled Tuesday Blitz July 4 Early 2023"]
[White "Sokolov, Andrei"]
[Black "Feliz Dotel, Dewar Bienvenido"]
[WhiteFideId "11600306"]
[BlackFideId "6402801"]
[WhiteElo "2291"]
[BlackElo "2172"]
[Result "0-1"]
[Round "11"]
[TimeControl "180+2"]
[Date "2023.07.04"]
[WhiteClock "0:00:00"]
[BlackClock "0:00:08"]
[Board "142"]

1. d4 d5 2. c4 e6 3. g3 c5 4. cxd5 exd5 5. Nf3 Nf6 6. Bg2 Nc6 7. O-O Be7 8. Nc3 O-O 9. Bg5 c4 10. Ne5 Be6 11. e3 h6 12. Bxf6 Bxf6 13. f4 Bxe5 14. fxe5 a6 15. Qf3 Ne7 16. a4 b6 17. g4 Qd7 18. h3 Rab8 19. Qg3 b5 20. axb5 axb5 21. g5 hxg5 22. Qxg5 b4 23. Na4 Bxh3 24. Nc5 Qg4 25. Qxg4 Bxg4 26. Rf4 Be6 27. Ra7 Ng6 28. Nxe6 Nxf4 29. Nxf4 c3 30. bxc3 bxc3 0-1


[Site "https://www.chess.com"]

[Event "Titled Tuesday Blitz July 4 Early 2023"]
[White "Aanna12"]
[Black "Legenia, Artem"]
[BlackFideId "14136945"]
[WhiteElo "2094"]
[BlackElo "2280"]
[Result "0-1"]
[Round "11"]
[TimeControl "180+2"]
[Date "2023.07.04"]
[WhiteClock "0:00:00"]
[BlackClock "0:01:20"]
[Board "143"]

1. e4 c5 2. Nf3 d6 3. d3 e6 4. g3 a6 5. Bg2 b5 6. c3 Bb7 7. O-O Nf6 8. Re1 Nbd7 9. Nbd2 Be7 10. d4 Qc7 11. a4 cxd4 12. cxd4 O-O 13. e5 dxe5 14. dxe5 Nd5 15. Ne4 b4 16. Bg5 Bxg5 17. Nexg5 Rac8 18. Rc1 Qxc1 19. Qxc1 Rxc1 20. Rxc1 Rc8 21. Rxc8+ Bxc8 22. Ne4 Bb7 23. Bf1 Ne3 24. fxe3 Bxe4 25. Nd2 Bb7 26. Nc4 Nc5 27. Nd6 Bd5 28. Kf2 a5 29. Bb5 f6 30. exf6 gxf6 31. g4 Kf8 32. Kg3 Ke7 33. Nc8+ Kd8 34. Nb6 Bb3 35. Kf4 Kc7 36. Nc4 Nxa4 37. Nxa5 Bd1 38. b3 Nc5 39. Bc4 Kb6 0-1


[Site "https://www.chess.com"]

[Event "Titled Tuesday Blitz July 4 Early 2023"]
[White "Gyulamiryan-koryun"]
[Black "Biriukov, Ilja"]
[BlackFideId "4113373"]
[WhiteElo "1707"]
[BlackElo "2273"]
[Result "1-0"]
[Round "11"]
[TimeControl "180+2"]
[Date "2023.07.04"]
[WhiteClock "0:00:37"]
[BlackClock "0:00:00"]
[Board "144"]

1. d4 Nf6 2. Nf3 g6 3. g3 Bg7 4. Bg2 d6 5. O-O O-O 6. a4 Nbd7 7. a5 e5 8. dxe5 dxe5 9. Nc3 c6 10. a6 b6 11. Qd6 c5 12. Nxe5 Ne8 13. Nc6 Nxd6 14. Nxd8 Rxd8 15. Bxa8 Nf5 16. Rd1 Re8 17. Bb7 Ne5 18. Nb5 Nd4 19. Nd6 Rd8 20. Bxc8 Rxd6 21. Be3 Nxe2+ 22. Kf1 Nd4 23. c3 1-0


[Site "https://www.chess.com"]

[Event "Titled Tuesday Blitz July 4 Early 2023"]
[White "Winkels, Marcel"]
[Black "agvania123"]
[WhiteFideId "1003887"]
[WhiteElo "2069"]
[BlackElo "2260"]
[Result "1-0"]
[Round "11"]
[TimeControl "180+2"]
[Date "2023.07.04"]
[WhiteClock "0:02:08"]
[BlackClock "0:01:36"]
[Board "145"]

1. e4 d5 2. exd5 Qxd5 3. Nc3 Qd8 4. d4 Nf6 5. Nf3 Bg4 6. h3 Bxf3 7. Qxf3 c6 8. Be3 e6 9. O-O-O Bb4 10. Ne4 Nxe4 11. Qxe4 Qd5 12. Qxd5 cxd5 13. a3 Bd6 14. Kb1 Nc6 15. Bb5 a6 16. Bxc6+ bxc6 17. c4 Rb8 18. Ka2 Kd7 19. Rc1 Rhc8 20. Rc2 a5 21. Rhc1 a4 22. g3 g6 23. g4 Rc7 24. c5 Bh2 25. Rh1 1-0


[Site "https://www.chess.com"]

[Event "Titled Tuesday Blitz July 4 Early 2023"]
[White "campochess"]
[Black "Warchol, Kamil"]
[BlackFideId "21858241"]
[WhiteElo "2132"]
[BlackElo "2230"]
[Result "0-1"]
[Round "11"]
[TimeControl "180+2"]
[Date "2023.07.04"]
[WhiteClock "0:00:06"]
[BlackClock "0:00:06"]
[Board "146"]

1. Nc3 c5 2. e4 a6 3. a4 e6 4. f4 d5 5. d3 Nc6 6. Nf3 Nf6 7. e5 Ng8 8. Ne2 Nge7 9. c3 h5 10. g3 Nf5 11. Bh3 g6 12. Bxf5 gxf5 13. Bd2 Be7 14. Rb1 h4 15. Rg1 hxg3 16. hxg3 b5 17. b4 cxb4 18. cxb4 Bb7 19. axb5 axb5 20. Ned4 Nxd4 21. Nxd4 Qb6 22. Be3 Qa6 23. Qd2 Qa4 24. Kf2 Rc8 25. Rg2 Kd7 26. Kf3 Qa7 27. Kf2 Qa4 28. Qb2 Rh3 29. Qb3 Qxb3 30. Rxb3 Ra8 31. Rb2 Ra4 32. Nc2 d4 33. Bxd4 Bxg2 34. Kxg2 Rh8 35. Bc5 Rc8 36. d4 Bxc5 37. bxc5 Rc4 38. Kf3 b4 39. Ke3 Rb8 40. Kd3 Rc3+ 41. Kd2 Rxg3 42. Ne1 b3 43. Ke2 Kc6 44. Kf2 Rc3 45. Kf1 Kd5 46. Ng2 Kxd4 47. Rd2+ Rd3 48. Rb2 Kc3 49. Rb1 Kc2 50. Re1 b2 51. Ne3+ Rxe3 52. Rxe3 b1=Q+ 53. Kf2 Qh1 54. c6 Rg8 55. Rh3 Rg2+ 56. Ke3 Qe1+ 57. Kd4 Qe4+ 58. Kc5 Rd2 59. Ra3 Qd5+ 60. Kb6 Rd3 61. Ra2+ Qxa2 62. c7 Rc3 63. Kb7 Qb3+ 64. Ka7 Rxc7+ 65. Ka8 Qb7# 0-1


[Site "https://www.chess.com"]